 Dungeon Crawl Stone Soup version 0.19.0-16-g73b5abf (webtiles) character file.

9672 esc the Carver (level 11, -3/101 HPs)
             Began as a Minotaur Chaos Knight on Nov 10, 2016.
             Slain by a spiny frog (15 damage)
             ... on level 1 of the Lair of Beasts.
             The game lasted 00:32:13 (8060 turns).

esc the Carver (Minotaur Chaos Knight)              Turns: 8060, Time: 00:32:14

Health: -3/101     AC: 19    Str: 16    XL:     11   Next: 26%
Magic:  11/11      EV: 12    Int:  9    God:    Xom [.*....]
Gold:   749        SH:  0    Dex: 14    Spells: 0 memorised, 10 levels left

rFire  . . .     SeeInvis .     a - +1 falchion (chaos)
rCold  + . .     Gourm    .     e - +2 chain mail {rC+}
rNeg   + . .     Faith    .     (no shield)
rPois  +         Spirit   .     (helmet restricted)
rElec  .         Reflect  .     (no cloak)
rCorr  .         Harm     .     (no gloves)
MR     .....                    (no boots)
Stlth  ..........               (no amulet)
                                (no ring)
                                F - ring of positive energy {rN+}

@: cleaving
A: retaliatory headbutt, horns 2, talons 1, icy blue scales 2, molten scales 1,
high mp 1, poison resistance, shaggy fur 1, wild magic 2
a: Renounce Religion


You were on level 1 of the Lair of Beasts.
You worshipped Xom.
You were a plaything of Xom.
You were not hungry.

You visited 3 branches of the dungeon, and saw 13 of its levels.
You also visited: Ice Cave.

You collected 749 gold pieces.

Inventory:

Hand Weapons
 a - a +1 falchion of chaos (weapon)
 b - a +0 shortbow
   (You took it off a centaur on level 8 of the Dungeon)
 o - a +0 blowgun
   (You took it off a kobold on level 3 of the Dungeon)
Missiles
 p - 33 poisoned needles
 u - 4 poisoned javelins
 v - 11 tomahawks (quivered)
 K - 9 exploding tomahawks
 M - 53 arrows
Armour
 e - a +2 chain mail of cold resistance (worn)
   (You took it off an orc warrior on level 7 of the Dungeon)
Jewellery
 r - an uncursed ring of ice {rC+, rF-}
   (You found it on level 3 of the Dungeon)
 F - a ring of positive energy (left hand) {rN+}
   (You found it on level 4 of the Dungeon)
Wands
 h - a wand of digging (11/24)
   (You found it on level 9 of the Dungeon)
 q - a wand of flame (10/48)
   (You found it on level 3 of the Dungeon)
 B - a wand of disintegration (0/24)
   (You found it on level 6 of the Dungeon)
 C - a wand of lightning (0/15)
   (You found it on level 4 of the Dungeon)
Scrolls
 j - 2 scrolls of enchant armour
 n - 2 scrolls of immolation {!r}
 t - a scroll of magic mapping {!r}
 w - a scroll of identify
 x - 5 scrolls of remove curse
 y - 2 scrolls of enchant weapon
 E - 2 scrolls of recharging
Potions
 k - 2 potions of flight
 m - 3 potions of curing
 A - 2 potions of degeneration {!q}
Books
 g - a book of Flames
   (You found it on level 8 of the Dungeon)
 s - a book of Air
   (You found it on level 9 of the Dungeon)
 J - a book of Maledictions
   (You found it on level 8 of the Dungeon)
Miscellaneous
 f - a lamp of fire (inert)
   (You found it on level 10 of the Dungeon)
Comestibles
 c - 4 bread rations {@e1}
 d - 3 chunks of flesh {@w0}
 i - 7 royal jellies
 l - 5 meat rations {@e2}
 O - 7 fruits


   Skills:
 + Level 10.5 Fighting
 + Level 10.6 Long Blades
 + Level 5.2 Bows
 + Level 10.6 Armour
 + Level 9.6 Dodging


You had 10 spell levels left.
You didn't know any spells.

Dungeon Overview and Level Annotations

Branches:
Dungeon (10/15)            Temple (0/1) D:7            Lair (1/6) D:10
    Orc (2/2) D:9
    Elf: Orc:2

Altars:
Hepliaklqana
Nemelex Xobeh
Okawaru
Qazlal
Ru
Trog
Uskayaw
Xom
Yredelemnul
The Shining One
Beogh

Shops:
D:8 [


Innate Abilities, Weirdness & Mutations

You reflexively headbutt those who attack you in melee.
You have a pair of horns on your head.
You have sharp toenails.
You are mostly covered in icy blue scales. (AC +3)
You are partially covered in molten scales. (AC +2)
You have an increased reservoir of magic. (+10% MP)
Your system is resistant to poisons. (rPois)
You are covered in fur. (AC +1)
Your spells are harder to cast, but more powerful.


Message History

The hippogriff barely misses you. The hippogriff claws you.
You take 3 damage, and have 90/101 hp.
You slash the hippogriff!
You heal the hippogriff.
You claw the hippogriff. The hippogriff bites you.
The hippogriff pecks you but does no damage.
The hippogriff claws you.
You take 6 damage, and have 84/101 hp.
You hit the hippogriff. You claw the hippogriff. The hippogriff misses you.
The hippogriff pecks you but does no damage.
The hippogriff barely misses you.
The hippogriff bites you but does no damage.
The hippogriff closely misses you. The hippogriff barely misses you.
You hit the hippogriff but do no damage.
The hippogriff closely misses you.
You riposte.
You hit the hippogriff.
The hippogriff is poisoned.
You claw the hippogriff, but do no damage.
The hippogriff barely misses you. x2
You barely miss the hippogriff. The hippogriff bites you.
The hippogriff barely misses you.
The hippogriff claws you but does no damage.
You take 1 damage, and have 83/101 hp.
You hit the hippogriff but do no damage.
You headbutt the hippogriff. The hippogriff barely misses you. x2
The hippogriff claws you but does no damage.
You hit the hippogriff. You freeze the hippogriff.
You claw the hippogriff, but do no damage.
The hippogriff bites you but does no damage.
The hippogriff barely misses you. The hippogriff claws you.
You take 2 damage, and have 81/101 hp.
You hit the hippogriff. You freeze the hippogriff.
The hippogriff bites you but does no damage.
The hippogriff pecks you. The hippogriff barely misses you.
You take 1 damage, and have 80/101 hp.
You hit the hippogriff. You freeze the hippogriff.
You claw the hippogriff, but do no damage.
You headbutt the hippogriff.
You kill the hippogriff!
Your life force feels restored.
No target in view!
No target in view!
You now have 733 gold pieces (gained 9).
You now have 749 gold pieces (gained 16).
A spiny frog comes into view.
The spiny frog croaks.
The spiny frog moves out of view.
You regained 7 hp, and now have 88/101 hp.
The spiny frog is too close now for your liking.
Okay, then.
The spiny frog stings you!
You take 6 damage, and have 83/101 hp.
You hit the spiny frog.
The spiny frog appears confused.
Your headbutt misses the spiny frog. You hit the spiny frog.
You claw the spiny frog, but do no damage.
You headbutt the spiny frog! The spiny frog stings you!
You take 10 damage, and have 73/101 hp.
You hit the spiny frog. You burn the spiny frog. You hit the spiny frog.
You claw the spiny frog, but do no damage.
The spiny frog seems less confused.
The spiny frog stings you!
You take 16 damage, and have 57/101 hp.
You hit the spiny frog but do no damage.
You claw the spiny frog, but do no damage.
You headbutt the spiny frog.
The spiny frog stings you but does no damage.
You hit the spiny frog.
You headbutt the spiny frog, but do no damage.
The spiny frog stings you!
You take 9 damage, and have 48/101 hp.
You hit the spiny frog but do no damage.
You claw the spiny frog, but do no damage.
The spiny frog stings you!
You take 10 damage, and have 38/101 hp.
You closely miss the spiny frog. You barely miss the spiny frog.
Your kick misses the spiny frog. The spiny frog stings you!
You take 7 damage, and have 31/101 hp.
You completely miss the spiny frog.
You claw the spiny frog, but do no damage.
Xom grants you a minor favour.
Your +1 falchion of chaos looks sharp.
The spiny frog stings you!
* * * LOW HITPOINT WARNING * * *
You take 10 damage, and have 21/101 hp.
Okay, then.
The spiny frog stings you!
* * * LOW HITPOINT WARNING * * *
The spiny frog stings you but does no damage.
You take 9 damage, and have 12/101 hp.
Okay, then.
Aim the lamp in which direction?
Aim: a spiny frog (severely wounded)
The spiny frog stings you but does no damage.
The spiny frog stings you.
* * * LOW HITPOINT WARNING * * *
You take 2 damage, and have 11/101 hp.
Unknown command.
The spiny frog stings you!
You die...

#......###.........#
#....### ###.......#
#...## ##.##....#
#...# #§.#.#####
..... ##§### >.
#.§.# ##..§####
#..F§§.P###
#...@.....#
#.........#
#...........#
#............
..............
...............
................
######P.......(.


You could see a spiny frog.

Vanquished Creatures
  A freezing wraith (Orc:1)
  A queen bee (D:9)
  A troll (Orc:1)
  3 two-headed ogres
  3 hippogriffs
  A hornet (D:9)
  Prince Ribbit (D:5)
  Eustachio (D:5)
  A steam dragon (Orc:1)
  Menkaure (D:7)
  2 wargs (D:10)
  Edmund (D:6)
  The ghost of Nordron the Magician, an amateur GrFE (D:4)
  A water moccasin (D:6)
  Duvessa (D:7)
  A black bear (D:9)
  16 ice beasts
  3 sky beasts
  An alligator simulacrum (IceCv)
  5 orc warriors
  A necrophage (D:9)
  2 phantoms
  5 ogres
  2 centaurs
  Dowan (D:7)
  A bullfrog (D:8)
  A water moccasin zombie (D:9)
  3 scorpions
  24 killer bees
  An elephant simulacrum (IceCv)
  A wight (D:10)
  2 howler monkeys
  2 crimson imps
  A bullfrog zombie (D:9)
  A gnoll shaman (D:5)
  7 orc priests
  A bullfrog skeleton (D:4)
  7 hounds
  A jelly (D:5)
  2 centaur skeletons
  4 iguanas
  16 orc wizards
  6 worker ants
  A polar bear simulacrum (IceCv)
  A wolf simulacrum (IceCv)
  A hound skeleton (D:9)
  4 gnolls (D:5)
  5 adders
  A shadow imp (D:6)
  5 white imps (IceCv)
  An ooze (D:4)
  5 adder skeletons
  2 dart slugs
  2 worms
  2 leopard geckos
  53 orcs
  4 giant cockroaches
  5 goblins
  4 hobgoblins
  5 jackals
  4 quokkas
  4 bats
  6 frilled lizards
  7 kobolds
  6 rats
266 creatures vanquished.

Vanquished Creatures (collateral kills)
  2 orc warriors
  A centaur (D:8)
  A scorpion (D:8)
  A hound skeleton (D:8)
  3 orcs
8 creatures vanquished.

Vanquished Creatures (others)
  An orc priest (D:9)
  A gnoll (D:5)
2 creatures vanquished.

Grand Total: 276 creatures vanquished

Notes
Turn   | Place    | Note
-------+----------+-------------------------------------------
     0 | D:1      | esc the Minotaur Chaos Knight began the quest for the Orb.
     0 | D:1      | Reached XP level 1. HP: 19/19 MP: 0/0
   116 | D:1      | Reached XP level 2. HP: 18/27 MP: 1/1
   152 | D:1      | XOM: harmless Tmut miscast
   191 | D:1      | XOM: give mutations
   191 | D:1      | Gained mutation: Your spells are a little harder to cast, but a little more powerful. [Xom's grace]
   191 | D:1      | Gained mutation: You are partially covered in icy blue scales. (AC +2) [Xom's grace]
   191 | D:1      | Gained mutation: You have a pair of large horns on your head. [Xom's grace]
   224 | D:1      | XOM: mild Tmut miscast
   422 | D:1      | XOM: give mutations
   422 | D:1      | Gained mutation: You are mostly covered in icy blue scales. (AC +3) [Xom's grace]
   422 | D:1      | Gained mutation: You are partially covered in molten scales. (AC +2) [Xom's grace]
   422 | D:1      | Gained mutation: You are covered in fur. (AC +1) [Xom's grace]
   422 | D:1      | Gained mutation: You have sharp toenails. [Xom's grace]
   457 | D:1      | XOM: give mutation
   457 | D:1      | Gained mutation: Your system is resistant to poisons. (rPois) [Xom's grace]
   476 | D:1      | XOM: scenery: 1 doors open
   484 | D:1      | Reached skill level 2 in Dodging
   535 | D:1      | XOM: 5-stop teleportation journey
   628 | D:2      | XOM: give mutations
   628 | D:2      | Gained mutation: Your mind is acute. (Int +2) [Xom's grace]
   628 | D:2      | Gained mutation: You have an increased reservoir of magic. (+10% MP) [Xom's grace]
   628 | D:2      | Gained mutation: Your spells are harder to cast, but more powerful. [Xom's grace]
   812 | D:2      | Reached XP level 3. HP: 33/33 MP: 2/2
   837 | D:3      | Reached skill level 4 in Long Blades
   837 | D:3      | Reached skill level 3 in Armour
   903 | D:3      | Found a sparkling altar of Nemelex Xobeh.
   972 | D:3      | Found a glowing golden altar of the Shining One.
   994 | D:3      | Reached skill level 4 in Fighting
   995 | D:3      | XOM: scenery: create altars
  1011 | D:3      | Reached XP level 4. HP: 34/40 MP: 3/3
  1026 | D:3      | Reached skill level 3 in Dodging
  1079 | D:3      | XOM: medium Hex miscast
  1186 | D:3      | XOM: noise
  1294 | D:3      | Found a stormy altar of Qazlal.
  1351 | D:4      | XOM: divination: magic mapping
  1361 | D:4      | Noticed Nordron's ghost (amateur GrFE)
  1361 | D:4      | XOM: potion effect (invisibility)
  1383 | D:4      | Killed Nordron's ghost
  1383 | D:4      | Reached XP level 5. HP: 27/47 MP: 4/4
  1620 | D:4      | Noticed an ogre
  1626 | D:4      | Killed an ogre
  1626 | D:4      | Reached skill level 5 in Fighting
  1626 | D:4      | Reached skill level 5 in Long Blades
  1626 | D:4      | Reached skill level 4 in Armour
  1626 | D:4      | Reached XP level 6. HP: 56/56 MP: 5/5
  1717 | D:4      | Reached skill level 4 in Dodging
  1798 | D:4      | XOM: swap monsters
  1854 | D:4      | XOM: 1-stop teleportation journey
  1862 | D:4      | Reached XP level 7. HP: 35/61 MP: 6/6
  1874 | D:4      | XOM: cast spell 'Discord'
  1877 | D:4      | Reached skill level 5 in Armour
  1958 | D:4      | XOM: medium Divn miscast
  1997 | D:4      | XOM: mild Necr miscast
  2062 | D:4      | XOM: medium Ice miscast
  2066 | D:5      | Entered Level 5 of the Dungeon
  2111 | D:5      | Found a sacrificial altar of Ru.
  2193 | D:5      | Found an iron altar of Okawaru.
  2220 | D:5      | XOM: enchant monster (good)
  2224 | D:5      | XOM: smoke on damage
  2227 | D:5      | Reached skill level 6 in Long Blades
  2429 | D:5      | Noticed Prince Ribbit
  2436 | D:5      | Killed Prince Ribbit
  2436 | D:5      | Reached skill level 6 in Fighting
  2436 | D:5      | Reached skill level 5 in Dodging
  2529 | D:5      | Found a basalt altar of Yredelemnul.
  2734 | D:6      | Noticed Eustachio
  2737 | D:6      | XOM: cast spell 'Olgreb's Toxic Radiance'
  2743 | D:5      | Killed Eustachio
  2743 | D:5      | Reached skill level 6 in Armour
  2743 | D:5      | Reached XP level 8. HP: 69/71 MP: 7/7
  2765 | D:6      | XOM: scenery: 1 doors open
  2765 | D:6      | Found a hazy altar of Hepliaklqana.
  2768 | D:6      | Reached skill level 7 in Long Blades
  2803 | D:6      | XOM: noise
  2830 | D:6      | XOM: divination: detect items
  2844 | D:6      | Reached skill level 7 in Fighting
  2862 | D:6      | Reached skill level 6 in Dodging
  2863 | D:6      | Noticed Edmund
  2870 | D:6      | XOM: confuse monster(s)
  2891 | D:6      | Killed Edmund
  3071 | D:6      | Reached skill level 7 in Armour
  3106 | D:7      | Noticed Duvessa
  3106 | D:7      | Noticed Dowan
  3120 | D:7      | Killed Duvessa
  3123 | D:7      | Killed Dowan
  3140 | D:7      | Noticed a moth of wrath
  3143 | D:7      | Found a bloodstained altar of Trog.
  3215 | D:7      | Found a hide-covered altar of Uskayaw.
  3215 | D:7      | Noticed a hand axe
  3216 | D:7      | Noticed a dagger
  3232 | D:7      | Reached XP level 9. HP: 30/81 MP: 8/8
  3236 | D:7      | Reached skill level 8 in Long Blades
  3286 | D:7      | Found a staircase to the Ecumenical Temple.
  3286 | D:7      | XOM: 2-stop teleportation journey
  3388 | D:7      | XOM: god gift: 4 exploding tomahawks
  3527 | D:7      | Noticed Menkaure
  3529 | D:7      | XOM: summons 2 friendly demons
  3535 | D:7      | Killed Menkaure
  3535 | D:7      | Reached skill level 8 in Fighting
  3536 | D:7      | Reached skill level 7 in Dodging
  3847 | D:7      | Reached skill level 8 in Armour
  3932 | D:8      | XOM: confuse monster(s)
  3944 | D:8      | Found a runed door.
  4047 | D:8      | Found Caqak's Armour Emporium.
  4091 | D:8      | XOM: enchant monster (good)
  4135 | D:8      | Reached skill level 9 in Long Blades
  4149 | D:8      | Reached skill level 9 in Fighting
  4298 | D:8      | XOM: divination: detect creatures
  4300 | D:8      | HP: 17/83 [two-headed ogre/giant club (10)]
  4305 | D:8      | Reached skill level 9 in Armour
  4454 | D:8      | Reached skill level 8 in Dodging
  4564 | D:8      | XOM: cast spell 'Summon Butterflies'
  4569 | D:8      | XOM: polymorph orc warrior -> iguana
  4597 | D:8      | Reached XP level 10. HP: 50/91 MP: 10/10
  4602 | D:8      | HP: 19/91 [orc warrior/hand axe (13)]
  4620 | D:7      | Reached skill level 1 in Bows
  4667 | D:7      | Gained mutation: Your spells are much harder to cast, but much more powerful. [potion of beneficial mutation]
  4990 | D:8      | Found a roughly hewn altar of Beogh.
  5054 | D:9      | XOM: harmless Tloc miscast
  5180 | D:9      | Reached skill level 2 in Bows
  5226 | D:9      | XOM: summons friendly ufetubus
  5229 | D:9      | XOM: noise
  5340 | D:9      | XOM: swap monsters
  5344 | D:9      | HP: 22/91 [orc priest/divine providence (14)]
  5358 | D:9      | Found a staircase to the Orcish Mines.
  5399 | D:9      | Reached skill level 3 in Bows
  5408 | D:9      | XOM: noise
  5420 | D:9      | XOM: potion effect (brilliance)
  5422 | D:9      | HP: 18/91 [orc wizard/magic dart (6)]
  5428 | D:9      | HP: 17/91 [poisoned by an orc wizard]
  5433 | D:9      | HP: 15/91 [poisoned by an orc wizard]
  5438 | D:9      | HP: 14/91 [poisoned by an orc wizard]
  5444 | D:9      | HP: 14/91 [poisoned by an orc wizard]
  5452 | D:9      | HP: 14/91 [poisoned by an orc wizard]
  5499 | D:8      | XOM: medium Summ miscast
  5500 | D:8      | Noticed a sixfirhy
  5687 | D:9      | Paralysed by a hornet for 3 turns
  5688 | D:9      | XOM: divination: detect creatures
  5690 | D:9      | XOM: noise
  5717 | D:9      | HP: 20/93 [iguana (10)]
  5727 | D:9      | XOM: noise
  5744 | D:9      | XOM: summons 10 friendly demons
  5745 | D:10     | Entered Level 10 of the Dungeon
  5747 | D:10     | HP: 20/93 [hippogriff (5)]
  5778 | D:10     | HP: 16/93 [warg (9)]
  5783 | D:10     | XOM: 2-stop teleportation journey
  5789 | D:10     | XOM: divination: detect creatures
  5799 | D:10     | Reached skill level 4 in Bows
  5804 | D:10     | XOM: divination: detect creatures
  5810 | D:10     | HP: 15/93 [warg (10)]
  5824 | D:10     | HP: 8/93 [something (9)]
  5825 | D:10     | Reached skill level 10 in Fighting
  6019 | D:9      | Reached skill level 10 in Long Blades
  6191 | D:9      | Reached skill level 9 in Dodging
  6203 | D:9      | Reached skill level 10 in Armour
  6242 | D:9      | XOM: god gift: 23 arrows
  6261 | D:9      | XOM: enchant monster (good)
  6370 | D:9      | XOM: harmless Erth miscast
  6419 | D:9      | Found a roughly hewn altar of Beogh.
  6557 | D:9      | XOM: 2-stop teleportation journey
  6837 | Orc:1    | Entered Level 1 of the Orcish Mines
  6852 | Orc:1    | XOM: cast spell 'Statue Form'
  6854 | Orc:1    | XOM: polymorph orc warrior -> steam dragon
  6930 | Orc:2    | Entered Level 2 of the Orcish Mines
  6930 | Orc:2    | Noticed an orc knight
  6930 | Orc:2    | Noticed an orc high priest
  6932 | Orc:2    | Noticed an orc high priest
  7025 | Orc:1    | XOM: mild Conj miscast
  7059 | Orc:1    | XOM: potion effect (berserk rage)
  7065 | Orc:1    | XOM: cast spell 'Summon Hydra'
  7163 | Orc:1    | XOM: fog
  7168 | Orc:1    | XOM: summons friendly white imp
  7247 | Orc:1    | Found a frozen archway.
  7252 | Orc:1    | XOM: summons 2 friendly demons
  7253 | Orc:1    | Reached XP level 11. HP: 100/100 MP: 11/11
  7255 | Orc:1    | XOM: enchant monster (bad)
  7291 | IceCv    | Entered an ice cave
  7576 | IceCv    | XOM: divination: detect items
  7601 | IceCv    | XOM: give mutations
  7601 | IceCv    | Lost mutation: Your mind is acute. (Int +2) [Xom's mischief]
  7601 | IceCv    | Lost mutation: Your spells are much harder to cast, but much more powerful. [Xom's mischief]
  7601 | IceCv    | Lost mutation: You have a pair of large horns on your head. [Xom's mischief]
  7605 | IceCv    | Reached skill level 5 in Bows
  7714 | IceCv    | XOM: destruction
  7718 | Orc:1    | XOM: enchant monster (bad)
  7842 | D:10     | Found a staircase to the Lair.
  7948 | D:10     | Noticed a hill giant
  7948 | D:10     | XOM: noise
  7968 | D:10     | XOM: summons 5 hostile demons
  7993 | Lair:1   | Entered Level 1 of the Lair of Beasts
  8053 | Lair:1   | XOM: cleaving
  8053 | Lair:1   | HP: 21/101 [spiny frog (10)]
  8059 | Lair:1   | HP: 11/101 [spiny frog (2)]
  8060 | Lair:1   | Slain by a spiny frog

Skill      XL: |  1  2  3  4  5  6  7  8  9 10 11 |
---------------+----------------------------------+-----
Dodging        | 2 3 4 5 6 8 9 |  9.6
Long Blades    | 4 5 6 7 9 10 | 10.6
Armour         | 3 4 6 7 9 10 | 10.6
Fighting       | 4 5 6 7 9 10 | 10.5
Bows           | 4 5 |  5.2

Action                   |  1- 3 |  4- 6 |  7- 9 | 10-12 || total
-------------------------+-------+-------+-------+-------++-------
Melee: Falchion          |    69 |    97 |   266 |   441 ||   873
       Headbutt          |     9 |    19 |    68 |    86 ||   182
       Kick              |    15 |    37 |    94 |   170 ||   316
 Fire: Shortbow          |       |       |       |    34 ||    34
Throw: Javelin           |       |       |     6 |       ||     6
       Tomahawk          |       |       |     3 |     1 ||     4
Evoke: Wand              |       |     2 |     3 |    16 ||    21
       Lamp of fire      |       |       |       |     1 ||     1
  Use: Potion            |       |       |     3 |    14 ||    17
       Scroll            |       |       |     7 |    14 ||    21
 Stab: Paralysed         |     1 |       |       |     3 ||     4
       Invisible         |       |     1 |     2 |       ||     3
       Confused          |       |       |     5 |       ||     5
       Petrified         |       |       |     8 |     2 ||    10
       Petrifying        |       |       |       |     5 ||     5
       Distracted        |       |       |       |     3 ||     3
  Eat: Chunk             |       |     4 |     9 |     4 ||    17
       Beef jerky        |       |       |       |     4 ||     4
       Pizza             |       |       |       |     1 ||     1
Armor: Leather armour    |     5 |       |       |       ||     5
       Ring mail         |    39 |    43 |    98 |     5 ||   185
       Chain mail        |       |       |       |   279 ||   279
Dodge: Dodged            |    50 |    40 |   173 |   259 ||   522
       Rpst.: Falchion   |    14 |     6 |    49 |    61 ||   130

Vault maps used:
D:1:      matt_arrival_los_fun, serial_forest, infiniplex_forest_lined_1,
          infiniplex_forest_clump_curved, infiniplex_forest_lined_room_,
          infiniplex_forest_clump_diagonal, infiniplex_forest_lined_2,
          infiniplex_forest_zigzag_1, infiniplex_forest_clump_tiny,
          infiniplex_forest_clump_long, serial_bayou_pond_b, minmay_distorted
D:2:      lemuel_crystal_altar, tgw_xom, first_bread
D:3:      lemuel_crystal_altar, nicolae_qazlal_eye_of_the_storm,
          nemelex_xobeh_ov_fountains_minmay
D:5:      kennysheep_mini_moat, okawaru_ov_weapons_minmay,
          nicolae_ru_awakened_eye, uniq_prince_ribbit1
D:6:      kennysheep_mini, uniq_eustachio, uniq_edmund
D:7:      dancing_weapons_uskayaw, tgw_trog, uniq_duvessa, uniq_menkaure
D:8:      serial_shops, shop, lightli_church_of_beogh
D:9:      minmay_orc_entry_temple_small, david_nohive_1
D:10:     minmay_wavy_crystal, erik_lair_orcish_takeover,
          grunt_decor_one_mirror, uniq_psyche
Orc:1:    portal_ice_cave_entry_ice_beasts, nicolae_orc_crystal_geode,
          uniq_erolcha
Orc:2:    grunt_orc_gardens, grunt_orc_garden, grunt_orc_garden,
          grunt_orc_garden, grunt_orc_garden
IceCv:    ice_cave_small_necro

Table legend:
 A = Turns spent in this place as a percentage of turns spent in the entire game.
 B = Non-inter-level travel turns spent in this place as a percentage of non-inter-level travel turns spent in the entire game.
 C = Inter-level travel turns spent in this place as a percentage of turns spent in this place.
 D = Turns resting spent in this place as a percentage of non-inter-level travel turns spent in this place.
 E = Turns spent auto-exploring this place as a percentage of non-inter-level travel turns spent in this place.
 F = Non-inter-level travel turns spent in this place divided by the number of levels of this place that you've seen.
                   A       B       C       D       E      F
               +-------+-------+-------+-------+-------+----------------------
         Total | 100.0 | 100.0 |   0.5 |   2.5 |   8.1 | 195.1
       Dungeon |  84.8 |  84.7 |   0.6 |   2.4 |   8.9 | 231.5
          Lair |   1.6 |   1.6 |   0.0 |   0.0 |   4.4 |  45.0
  Orcish Mines |   8.3 |   8.3 |   0.4 |   0.9 |   3.9 | 114.0
      Ice Cave |   5.2 |   5.3 |   0.0 |   6.9 |   1.4 | 144.0
               +-------+-------+-------+-------+-------+----------------------

Table legend:
 A = Kills in this place as a percentage of kills in entire the game.
 B = Kills by you in this place as a percentage of kills by you in the entire game.
 C = Kills by friends in this place as a percentage of kills by friends in the entire game.
 D = Other kills in this place as a percentage of other kills in the entire game.
 E = Experience gained in this place as a percentage of experience gained in the entire game.
 F = Experience gained in this place divided by the number of levels of this place that you have seen.
                   A       B       C       D       E      F
               +-------+-------+-------+-------+-------+----------------------
         Total | 100.0 | 100.0 | 100.0 | 100.0 | 100.0 | 987.0
       Dungeon |  85.8 |  86.1 |  75.0 | 100.0 |  74.6 | 1030.7
          Lair |   0.4 |   0.4 |   0.0 |   0.0 |   1.8 | 250.0
  Orcish Mines |   8.7 |   8.3 |  25.0 |   0.0 |  16.8 | 1161.0
      Ice Cave |   5.1 |   5.3 |   0.0 |   0.0 |   6.8 | 939.0
               +-------+-------+-------+-------+-------+----------------------
